 Dungeon Crawl Stone Soup version 0.31.0-11-ge490571c62 (webtiles) character file.

Game seed: 4606064487160025723

940 Skitler the Covert (level 8, -7/67 HPs)
             Began as a Gnoll Delver on Feb 3, 2024.
             Killed from afar by an orc wizard (9 damage)
             ... with a puff of flame
             ... on level 5 of the Dungeon.
             The game lasted 00:10:20 (6369 turns).

Skitler the Covert (Gnoll Delver)                   Turns: 6369, Time: 00:10:20

Health: -7/67      AC:  4    Str: 15    XL:     8   Next: 12%
Magic:  12/12      EV: 13    Int:  9    God:
Gold:   207        SH:  0    Dex: 13    Spells: 13/13 levels left

rFire   . . .        o - +2 falchion (holy)
rCold   . . .        (no shield)
rNeg    . . .        b - +0 leather armour
rPois   .            (no helmet)
rElec   .            (no cloak)
rCorr   .            i - +0 pair of gloves
SInv    .            (no boots)
Will    .....        (no amulet)
Stlth   ++++         (no ring)
HPRegen 0.31/turn    (no ring)
MPRegen 0.13/turn

%: no passive effects
@: lethally poisoned (-7 -> -25)
A: fangs 1, strong nose, distributed training
a: no special abilities


You were on level 5 of the Dungeon.
You visited 1 branch of the dungeon, and saw 5 of its levels.

You collected 207 gold pieces.

Inventory:

Hand Weapons
 a - a +0 hand axe
 o - a +2 falchion of holy wrath (weapon)
 t - a +3 hand axe
Missiles
 s - 2 poisoned darts (quivered)
Armour
 b - a +0 leather armour (worn)
 i - a +0 pair of gloves (worn)
 u - an orb of guile
 y - a +0 scale mail
Magical Staves
 r - a staff of cold
Wands
 g - a wand of digging (3)
 A - a wand of flame (17)
Scrolls
 c - 2 scrolls of fog
 d - 2 scrolls of revelation
 e - a scroll of fear
 f - a scroll of blinking {unknown}
 h - 5 scrolls of identify {unknown}
 k - a scroll of enchant weapon {unknown}
 l - 2 scrolls of enchant armour {unknown}
 m - a scroll of amnesia {unknown}
 p - a scroll of silence {unknown}
 B - a scroll of teleportation {unknown}
Potions
 n - a potion of cancellation {unknown}
 q - a potion of mutation {unknown}
 v - 2 potions of might {unknown}
 w - 2 potions of degeneration {unknown}
 x - a potion of resistance {unknown}
 z - 2 potions of haste


   Skills:
 + Level 7.3 Fighting
 + Level 3.1 Short Blades
 + Level 3.1 Long Blades
 + Level 5.6 Axes
 + Level 3.1 Maces & Flails
 + Level 3.1 Polearms
 + Level 3.1 Staves
 + Level 3.1 Ranged Weapons
 + Level 3.1 Throwing
 + Level 3.1 Armour
 + Level 5.6 Dodging
 + Level 10.1 Stealth
 + Level 3.1 Shields
 + Level 3.1 Unarmed Combat
 + Level 3.1 Spellcasting
 + Level 2.5 Conjurations
 + Level 2.5 Hexes
 + Level 2.5 Summonings
 + Level 2.5 Necromancy
 + Level 2.5 Translocations
 + Level 2.5 Fire Magic
 + Level 2.5 Ice Magic
 + Level 2.5 Air Magic
 + Level 2.5 Earth Magic
 + Level 2.5 Alchemy
 + Level 3.4 Invocations
 + Level 3.1 Evocations
 + Level 2.8 Shapeshifting


You had 13 spell levels left.
You didn't know any spells.
Your spell library contained the following spells:

 Spells                   Type           Power      Damage    Failure   Level
 Apportation              Tloc           10%        N/A       13%         1
 Necrotise                Necr           20%        1d5       13%         1
 Shock                    Conj/Air       20%        1d4       13%         1
 Sting                    Conj/Alch      20%        1d4       13%         1
 Summon Small Mammal      Summ           20%        N/A       13%         1
 Lesser Beckoning         Tloc           10%        N/A       21%         2
 Gell's Gravitas          Tloc           5%         N/A       36%         3
 Swiftness                Air            5%         N/A       36%         3
 Teleport Other           Tloc           5%         N/A       36%         3
 Airstrike                Air            2%         2d(1-17)  78%         4
 Anguish                  Hex/Necr       2%         N/A       78%         4
 Cause Fear               Hex            2%         N/A       78%         4
 Enfeeble                 Hex            2%         N/A       100%        7


Dungeon Overview and Level Annotations

Branches:
Dungeon (5/15)
 Temple: D:4-7

Altars:
Cheibriados
Qazlal
Sif Muna
Vehumet

Shops:
D:1 *

Annotations:
D:1 1 transporter
D:2 2 exclusions


Innate Abilities, Weirdness & Mutations

You have very sharp teeth.
Your uncanny sense of smell can sniff out nearby items.
Your experience applies equally to all skills.


Message History

The orc closely misses you. Something hits you.
* * * LOW HITPOINT WARNING * * *
You are poisoned.
Things that are here:
a +0 dagger; a +0 robe; an orc corpse You feel better.
The orc hits you with a +0 short sword.
* * * LOW HITPOINT WARNING * * *
Something hits you.
* * * LOW HITPOINT WARNING * * *
The orc barely misses you.
You hit the orc. You punch the orc, but do no damage.
The orc is lightly wounded.
The orc barely misses you. Something hits you but does no damage.
You are poisoned.
The orc closely misses you.
You feel better. The orc hits you but does no damage.
Something hits you but does no damage. The orc closely misses you.
You barely miss something. The orc hits you but does no damage.
Something hits you.
* * * LOW HITPOINT WARNING * * *
You are poisoned.
The orc hits you with a +0 hand axe.
* * * LOW HITPOINT WARNING * * *
The orc hits you with a +0 short sword.
* * * LOW HITPOINT WARNING * * *
Something hits you.
* * * LOW HITPOINT WARNING * * *
You are more poisoned.
The orc misses you.
Unknown command.
You barely miss something. You bite something.
* * * LOW HITPOINT WARNING * * *
You feel extremely sick. The orc hits you with a +0 short sword.
* * * LOW HITPOINT WARNING * * *
You hear some strange, mumbled words.
A puff of flame appears from out of thin air!
The puff of flame hits you!
You die...

#.......#......# #.#
#.......#......# #.#
#.......#####+## #.#
#...#########+### #.#
#...#...........# #.#
#...#...........# #.# ###
#...#..:........# #.# ..###
#.....oo{(..# #.# ....#
####......@....# #.#
....###..+...........###.###
.........#...........##..[.######
...## #..........######..#.......
...# #.########.# #..########
...# #.# #.# #.......... ...# #.#
#.### ##.##.....§ ...# #.#
####...#####.##....~§ ...# #.#
#........[...##.#..§_


You could see 2 orcs.

Vanquished Creatures
  An ice beast (D:4)
  A black bear (D:5)
  3 bombardier beetles
  4 hounds
  2 jellies (D:4)
  2 orc priests (D:4)
  An iguana (D:5)
  A sleepcap (D:5)
  4 orc wizards
  5 adders
  11 gnolls
  A dart slug (D:1)
  4 ribbon worms
  10 orcs
  8 ball pythons
  6 bats
  7 endoplasms
  9 goblins
  11 hobgoblins
  6 jackals
  5 quokkas
  4 frilled lizards
  6 kobolds
  4 rats
116 creatures vanquished.

Notes
Turn   | Place    | Note
-------+----------+-------------------------------------------
     0 | D:5      | Reached skill level 9 in Stealth
     0 | D:5      | Skitler the Gnoll Delver began the quest for the Orb.
     0 | D:5      | Reached XP level 1. HP: 23/23 MP: 1/1
    29 | D:5      | Noticed an orc wizard
    63 | D:5      | Noticed a black bear
    77 | D:5      | Reached XP level 2. HP: 12/29 MP: 2/2
   203 | D:3      | Found a shimmering blue altar of Sif Muna.
   206 | D:3      | Found a faded altar of an unknown god.
   211 | D:3      | You fall into a shaft and drop 2 floors!
   314 | D:5      | Reached skill level 1 in Invocations
   314 | D:5      | Reached XP level 3. HP: 27/35 MP: 2/4
   326 | D:4      | Reached skill level 1 in Short Blades
   326 | D:4      | Reached skill level 1 in Long Blades
   326 | D:4      | Reached skill level 1 in Maces & Flails
   326 | D:4      | Reached skill level 1 in Polearms
   326 | D:4      | Reached skill level 1 in Staves
   326 | D:4      | Reached skill level 1 in Ranged Weapons
   326 | D:4      | Reached skill level 1 in Throwing
   326 | D:4      | Reached skill level 1 in Armour
   326 | D:4      | Reached skill level 1 in Shields
   326 | D:4      | Reached skill level 1 in Unarmed Combat
   326 | D:4      | Reached skill level 1 in Spellcasting
   326 | D:4      | Reached skill level 1 in Evocations
   326 | D:4      | Reached skill level 1 in Shapeshifting
   326 | D:4      | Reached XP level 4. HP: 21/41 MP: 3/5
   522 | D:4      | Reached skill level 1 in Conjurations
   522 | D:4      | Reached skill level 1 in Hexes
   522 | D:4      | Reached skill level 1 in Summonings
   522 | D:4      | Reached skill level 1 in Necromancy
   522 | D:4      | Reached skill level 1 in Translocations
   522 | D:4      | Reached skill level 1 in Fire Magic
   522 | D:4      | Reached skill level 1 in Ice Magic
   522 | D:4      | Reached skill level 1 in Air Magic
   522 | D:4      | Reached skill level 1 in Earth Magic
   522 | D:4      | Reached skill level 1 in Alchemy
   681 | D:5      | Reached XP level 5. HP: 24/47 MP: 5/7
  1304 | D:2      | Found a faded altar of an unknown god.
  1474 | D:1      | Found Goidot's Assorted Antiques.
  1772 | D:1      | Found a transporter.
  2288 | D:2      | Found a radiant altar of Vehumet.
  2613 | D:2      | Reached XP level 6. HP: 45/53 MP: 8/8
  2974 | D:3      | Reached skill level 5 in Axes
  2974 | D:3      | Reached skill level 5 in Dodging
  3959 | D:4      | Found a snail-covered altar of Cheibriados.
  4140 | D:4      | Reached XP level 7. HP: 9/60 MP: 10/10
  5083 | D:4      | Reached skill level 10 in Stealth
  5824 | D:5      | Found a stormy altar of Qazlal.
  5914 | D:5      | Reached XP level 8. HP: 19/67 MP: 12/12
  6369 | D:5      | HP: 2/67 [orc/+0 short sword (3)]
  6369 | D:5      | Killed from afar by an orc wizard

Illustrated notes

Levels and vault maps discovered:
D:1:      spicycebolla_arrival_risky_transporter, layout_basic, serial_shops,
          shop
D:2:      layout_loops_ring, hellmonk_ecumenical_altar_dog_temple, basic_altar,
          minmay_goblin_outpost
D:3:      layout_basic, nicolae_overflow_ecumenical_swirl
D:4:      layout_loops_corners, overflow_temple_1_default,
          corexii_leaking_fountain, amcnicky_mini_corridor_feature, minivault_24
D:5:      layout_basic, nicolae_qazlal_scattered_showers

Skill      XL: |  1  2  3  4  5  6  7 |
---------------+----------------------+-----
Stealth        | 10 | 10.1
Invocations    | 1 2 3 |  3.4
Short Blades   | 1 2 3 |  3.1
Long Blades    | 1 2 3 |  3.1
Maces & Flails | 1 2 3 |  3.1
Polearms       | 1 2 3 |  3.1
Staves         | 1 2 3 |  3.1
Ranged Weapons | 1 2 3 |  3.1
Throwing       | 1 2 3 |  3.1
Armour         | 1 2 3 |  3.1
Shields        | 1 2 3 |  3.1
Unarmed Combat | 1 2 3 |  3.1
Spellcasting   | 1 2 3 |  3.1
Evocations     | 1 2 3 |  3.1
Shapeshifting  | 1 2 |  2.8
Conjurations   | 1 2 |  2.5
Hexes          | 1 2 |  2.5
Summonings     | 1 2 |  2.5
Necromancy     | 1 2 |  2.5
Translocations | 1 2 |  2.5
Fire Magic     | 1 2 |  2.5
Ice Magic      | 1 2 |  2.5
Air Magic      | 1 2 |  2.5
Earth Magic    | 1 2 |  2.5
Alchemy        | 1 2 |  2.5
Axes           | 5 |  5.6
Dodging        | 5 |  5.6
Fighting       | 7 |  7.3

Action                     |  1- 3 |  4- 6 |  7- 9 || total
---------------------------+-------+-------+-------++-------
  Melee: Hand axe          |    28 |   168 |       ||   196
         Bite              |       |    38 |    18 ||    56
         Falchion          |       |   131 |   145 ||   276
         Punch             |       |     9 |     5 ||    14
  Throw: Dart              |       |       |     3 ||     3
         Throwing net      |       |       |     1 ||     1
    Use: Potion            |     1 |     5 |     5 ||    11
   Stab: Sleeping          |       |    28 |     7 ||    35
         Invisible         |       |     4 |       ||     4
         Distracted        |       |       |     1 ||     1
         Held in net/web   |       |       |     1 ||     1
 Armour: Leather armour    |    14 |   143 |   110 ||   267
  Dodge: Dodged            |    25 |   163 |   114 ||   302
